 Dungeon Crawl Stone Soup version 0.26.1-11-gd32895ea62 (webtiles) character file.

Game seed: 4567417494000636923

48 Dogology the Stinger (level 3, 0/23 HPs)
             Began as an Octopode Venom Mage on May 6, 2021.
             Slain by a jackal (2 damage)
             ... on level 2 of the Dungeon on May 14, 2021.
             The game lasted 00:04:32 (1494 turns).

Dogology the Stinger (Octopode Venom Mage)          Turns: 1494, Time: 00:04:33

Health: 0/23       AC:  1    Str:  7    XL:     3   Next: 72%
Magic:  6/6        EV: 13    Int: 17    God:
Gold:   115        SH:  3    Dex: 13    Spells: 5/6 levels left

rFire    . . .     SeeInvis .   f - +1 short sword (drain)
rCold    . . .     Faith    .   k - +0 buckler
rNeg     . . .     Spirit   .   (helmet restricted)
rPois    .         Reflect  .   a - amulet of magic regeneration
rElec    .         Harm     .   (no ring)
rCorr    .         Rampage  .   (no ring)
Will     .....                  (no ring)
Stlth    +++.......             (no ring)
HPRegen  0.07/turn              (no ring)
MPRegen  0.35/turn              (no ring)
                                (no ring)
                                (no ring)

@: about to teleport
A: almost no armour, stealthy swim, amphibious, 8 rings, constrict 8, camouflage
1, gelatinous body 1
a: no special abilities


You were on level 2 of the Dungeon.
You visited 1 branch of the dungeon, and saw 3 of its levels.

You collected 115 gold pieces.

Inventory:

Hand Weapons
 f - a +1 short sword of draining (weapon)
Armour
 k - a +0 buckler (worn)
Jewellery
 a - an amulet of magic regeneration (around mantle)
 d - a cursed amulet of inaccuracy
Scrolls
 b - 3 scrolls of identify
 c - a scroll of fog
 e - 3 scrolls of teleportation
 h - a scroll of magic mapping {unknown}
 j - a scroll of blinking {unknown}
Potions
 g - 2 potions of curing {unknown}
 i - 2 potions of lignification {unknown}


   Skills:
 + Level 1.2 Fighting
 + Level 2.3 Dodging
 - Level 3.0 Stealth
 + Level 2.3 Spellcasting
 + Level 1.6 Transmutations
 + Level 4.1 Poison Magic


You had 5 spell levels left.
You knew the following spells:

 Your Spells              Type           Power        Failure   Level
a - Sting                 Tmut/Pois      44%          10%         1

Your spell library contained the following spells:

 Spells                   Type           Power        Failure   Level
 Poisonous Vapours        Pois/Air       16%          21%         2
 Animate Skeleton         Necr           4%           30%         1
 Pain                     Necr           8%           30%         1
 Ignite Poison            Fire/Tmut/Pois 8%           41%         3
 Mephitic Cloud           Conj/Pois/Air  6%           47%         3
 Olgreb's Toxic Radiance  Pois           15%          50%         4
 Vampiric Draining        Necr           1%           67%         3
 Animate Dead             Necr           1%           97%         4
 Agony                    Necr           2%           100%        5


Dungeon Overview and Level Annotations

Branches:
Dungeon (3/15)

Altars:

Annotations:
D:3 Robin


Innate Abilities, Weirdness & Mutations

You cannot wear most types of armour.
You are very stealthy in the water. (Stealth+)
You are amphibious.
You can wear up to eight rings at the same time.
You can use your tentacles to constrict eight enemies at once.
Your skin changes colour to match your surroundings (Stealth+).
Your rubbery body absorbs attacks. (AC +1, EV +1)


Message History

There is a stone staircase leading down here.
As you read the scroll labelled NOQUNY WEMI, it crumbles to dust.
It is a scroll of identify.
d - a cursed amulet of inaccuracy The jackal bites you.
The goblin hits you.
* * * LOW HITPOINT WARNING * * *
The jackal barely misses you. The jackal misses you.
The hobgoblin hits you with a +0 club.
* * * LOW HITPOINT WARNING * * *
As you read the scroll labelled UGHIOL RAJEARI, it crumbles to dust.
The scroll dissolves into smoke.
It was a scroll of fog.
The jackal barely misses you. The goblin barely misses you.
The jackal bites you.
* * * LOW HITPOINT WARNING * * *
The jackal bites you but does no damage.
As you read the scroll labelled COVIOKHL YWOGHAFA, it crumbles to dust.
You feel strangely unstable.
It was a scroll of teleportation.
The goblin closely misses you. You block the hobgoblin's attack.
The jackal bites you.
You die...

#..
..
#.#
#..
#..
#§g##
#gh#
#g@#
##h#
#g#
#.#
#.#
#.#
#r#
#.#


You could see 2 jackals, a hobgoblin and 3 goblins.

Vanquished Creatures
  A worm (D:2)
  2 dart slugs (D:1)
  3 leopard geckos (D:1)
  2 ball pythons (D:2)
  4 bats
  2 giant cockroaches (D:1)
  5 goblins
  3 hobgoblins
  2 jackals (D:1)
  5 frilled lizards
  4 kobolds
  4 rats
37 creatures vanquished.

Notes
Turn   | Place    | Note
-------+----------+-------------------------------------------
     0 | D:1      | Dogology the Octopode Venom Mage began the quest for the
                  | Orb.
     0 | D:1      | Reached XP level 1. HP: 11/11 MP: 3/3
   132 | D:1      | Reached XP level 2. HP: 18/18 MP: 3/5
   587 | D:1      | Reached XP level 3. HP: 22/22 MP: 4/6
   671 | D:1      | Reached skill level 1 in Fighting
   870 | D:1      | Reached skill level 4 in Poison Magic
  1417 | D:2      | You fall into a shaft and drop 1 floor!
  1484 | D:3      | Noticed Robin
  1494 | D:2      | Slain by a jackal

Illustrated notes

Levels and vault maps discovered:
D:1:      onia_arrival_mini_maze, layout_basic
D:2:      layout_basic, lemuel_round_altar, lemuel_crystal_altar
D:3:      layout_rooms, ebering_ghost_disaster_area,
          chequers_ecumenical_altar_simple_redux, uniq_robin

Skill      XL: |  1  2  3 |
---------------+----------+-----
Stealth        | 3 |  3.0
Fighting       | 1 |  1.2
Poison Magic   | 4 |  4.1
Dodging        | |  2.3
Spellcasting   | |  2.3
Transmutations | |  1.6

Action                   || total
-------------------------++-------
Melee: Short sword       ||    17
       Constrict         ||     5
       Tentacles         ||     1
 Cast: Sting             ||    65
  Use: Scroll            ||     3
Armor: Skin              ||     4
Dodge: Dodged            ||    53
Block: Buckler           ||     7
